 Dungeon Crawl Stone Soup version 0.25.0-1-g7eea58d2a3 (webtiles) character file.

Game seed: 3605309068864190036

35257 HiStorm4nn the Destroyer (level 13, -5/60 HPs)
             Began as a Felid Conjurer on June 14, 2020.
             Was a High Priest of Vehumet.
             Slain by a wolf spider (11 damage)
             ... on level 1 of the Spider Nest.
             The game lasted 04:04:04 (52739 turns).

HiStorm4nn the Destroyer (Felid Conjurer)          Turns: 52739, Time: 04:04:05

Health: -5/60      AC:  3    Str:  4    XL:     13   Next: 46%
Magic:  21/29      EV: 14    Int: 22    God:    Vehumet [*****.]
Gold:   1207       SH:  0    Dex: 18    Spells: 4/35 levels left
                                        Lives:  0   Deaths: 4

rFire    . . .     SeeInvis +   (weapon unavailable)
rCold    + . .     Gourm    .   (shield unavailable)
rNeg     . . .     Faith    .   (armour unavailable)
rPois    +         Spirit   .   (helmet unavailable)
rElec    .         Reflect  .   (cloak unavailable)
rCorr    .         Harm     .   (gloves unavailable)
MR       +....                  (boots unavailable)
Stlth    +++.......             (no amulet)
HPRegen  0.20/turn              Q - ring of poison resistance
MPRegen  0.21/turn              x - ring of wizardry

@: held, quick
A: very small, no armour, no weapons or thrown items, stealth, claws 1, fangs 3,
see invisible, carnivore, speed 1, shaggy fur 3, slow metabolism 1, sharp paws
a: Renounce Religion


You were on level 1 of the Spider Nest.
You worshipped Vehumet.
Vehumet was extremely pleased with you.
You were not hungry.

You visited 5 branches of the dungeon, and saw 25 of its levels.

You collected 2825 gold pieces.
You spent 1618 gold pieces at shops.

Inventory:

Missiles
 t - 427 stones
Jewellery
 n - an uncursed ring of flight
 s - a +6 ring of dexterity
 u - an uncursed ring of protection from cold
 x - a ring of wizardry (right paw)
 B - an uncursed ring of wizardry
 Q - a ring of poison resistance (left paw)
Wands
 f - a wand of polymorph (29)
 g - a wand of clouds (1)
 o - a wand of flame (26)
 v - a wand of acid (19)
 w - a wand of random effects (101)
 y - a wand of enslavement (10)
 D - a wand of digging (9)
 H - a wand of disintegration (26)
 N - a wand of iceblast (6)
Scrolls
 c - 5 scrolls of remove curse
 p - 7 scrolls of identify
 q - 2 scrolls of fear
 A - 6 scrolls of teleportation
 C - a scroll of silence {unknown}
 E - a scroll of brand weapon {unknown}
 G - 2 scrolls of blinking
 I - 4 scrolls of magic mapping
 J - a scroll of fog
 P - a scroll of holy word {unknown}
Potions
 a - 9 potions of curing
 d - 3 potions of flight
 e - 2 potions of haste
 h - 2 potions of mutation
 i - 6 potions of might
 j - 7 potions of lignification
 l - a potion of resistance
 r - 3 potions of magic
 z - a potion of invisibility
 K - a potion of berserk rage
 O - a potion of brilliance
Miscellaneous
 k - a lightning rod (3/4)
 m - a tin of tremorstones (3/3)
 L - a phantom mirror
 M - a lightning rod (3/4)
Comestibles
 b - 55 rations


   Skills:
 + Level 9.3 Fighting
 - Level 12.0 Dodging
 - Level 4.0 Stealth
 + Level 11.5 Spellcasting
 + Level 12.0 Conjurations
 - Level 8.0 Hexes
 - Level 4.0 Translocations
 * Level 11.9 Fire Magic
 - Level 8.0 Ice Magic
 - Level 8.0 Earth Magic
 - Level 8.0 Evocations


You had 4 spell levels left.
You knew the following spells:

 Your Spells              Type           Power        Failure   Level  Hunger
a - Magic Dart            Conj           ####         1%          1    None
b - Searing Ray           Conj           ######       1%          2    None
c - Iskenderun's Mystic   Conj/Tloc      #####...     1%          4    None
d - Fulminant Prism       Conj/Hex       ######....   1%          4    None
f - Apportation           Tloc           ####..       1%          1    None
g - Hailstorm             Conj/Ice       ######..     1%          4    None
h - Fireball              Conj/Fire      ######....   1%          5    ####...
i - Bolt of Magma         Conj/Fire/Erth ######....   1%          5    ####...
j - Lee's Rapid Deconstr  Erth           #####.....   1%          5    ####...

Your spell library contained the following spells:

 Spells                   Type           Power        Failure   Level  Hunger
 Irradiate                Conj/Tmut      #####.....   1%          5    ####...
 Corona                   Hex            #####..      1%          1    None
 Foxfire                  Conj/Fire      ####         1%          1    None
 Conjure Flame            Conj/Fire      ######..     1%          3    None
 Dazzling Flash           Conj/Hex       ######       1%          3    None
 Inner Flame              Hex/Fire       ######..     1%          3    None
 Sticky Flame             Conj/Fire      ######..     1%          4    None
 Animate Skeleton         Necr           N/A          2%          1    None
 Summon Small Mammal      Summ           ##..         2%          1    None
 Iskenderun's Battlesphe  Conj/Chrm      #####...     1%          5    ####...
 Iron Shot                Conj/Erth      ######....   1%          6    #####..
 Orb of Destruction       Conj           ######....   3%          7    #######
 Spellforged Servitor     Conj/Summ      #####.....   34%         7    #######


Dungeon Overview and Level Annotations

Branches:
Dungeon (15/15)            Temple (1/1) D:6            Lair (6/6) D:8
  Swamp (0/4) Lair:3       Spider (1/4) Lair:4        Slime (0/5) Lair:5
    Orc (2/2) D:12            Elf (0/3) Orc:2        Vaults (0/5) D:13
 Depths (0/5) D:15

Altars:
Ashenzari
Cheibriados
Dithmenos
Elyvilon
Fedhas
Gozag
Hepliaklqana
Kikubaaqudgha
Makhleb
Nemelex Xobeh
Okawaru
Qazlal
Ru
Sif Muna
Trog
Uskayaw
Vehumet
Wu Jian
Xom
Yredelemnul
Zin
The Shining One
Beogh
Jiyva

Shops:
D:6 (   D:9 (?   D:12 [   D:14 !:*   Orc:2 *}[(:

Portals:
Abyss: Orc:1

Annotations:
Orc:1 2 transporters, Rachuaq's ghost, adept GnSk


Innate Abilities, Weirdness & Mutations

You cannot wear armour.
You are incapable of wielding weapons or throwing items.
Your paws allow you to move quietly. (Stealth)
You have sharp claws.
You have razor-sharp teeth.
You have supernaturally acute eyesight. (SInv)
You are carnivorous and can eat meat at any time.
You cover ground quickly.
Your thick and shaggy fur keeps you warm. (AC +3, rC+)
You have a slow metabolism.
Your sharp claws are effective at attacking unaware monsters.


Message History

The mystic blast hits the jumping spider!
The jumping spider is heavily wounded.
The jumping spider is knocked back by the mystic blast.
The jumping spider collides with the tarantella!
The mystic blast hits the jumping spider!
The jumping spider is heavily wounded.
The jumping spider is knocked back by the mystic blast.
The mystic blast hits the fire elemental.
The fire elemental is heavily damaged.
The fire elemental is knocked back by the mystic blast.
The mystic blast hits the tarantella!
The tarantella is heavily wounded.
The tarantella is knocked back by the mystic blast.
The tarantella slams into the rock wall!
The mystic blast misses the wolf spider.
You hear a bark!
The wolf spider hits you!
* * * LOW HITPOINT WARNING * * *
The wolf spider bites you!
You die...

............#.
............≈
.○☼....s.... .
..E..○s.... #..
...ss..○..#≈...
....††○E..≈..
...$....s≈#
..ss°..@s#
.......###
..#.#≈# ##≈# ##


You could see a wolf spider, 2 fire elementals, 3 jumping spiders, 3 tarantellas
and a redback.

Vanquished Creatures
  Jorgrun (Orc:1)
  Frances (D:12)
  A stone giant (Orc:1)
  A dire elephant (Lair:4)
  The ghost of Ruewk the Archer, a journeyman CeAM of Okawaru (Lair:5)
  Snorg (D:10)
  A fire dragon (D:15)
  A yaktaur captain (D:15)
  Erolcha (D:10)
  Harold (D:10)
  8 hydras
  A death knight (D:13)
  A centaur warrior (D:14)
  3 ogre magi
  3 death yaks
  15 two-headed ogres
  Urug (D:11)
  A tengu warrior (D:15)
  An orc high priest (Orc:1)
  A fire crab (Lair:4)
  A spectral catoblepas (Lair:5)
  7 skeletal warriors
  2 deep trolls (Orc:1)
  A lindwurm (Lair:3)
  An unseen horror (D:14)
  3 orc knights
  A spectral hydra (Lair:5)
  The ghost of atarun the Cleaver, a novice MiBe of Trog (D:6)
  Pikel (D:5)
  A harpy (shapeshifter) (D:15)
  A wolf spider (Spider:1)
  An oklob plant (Lair:1)
  7 cyclopes
  A manticore (D:15)
  An orc sorcerer (D:15)
  23 elephants
  4 black mambas
  Maggie (D:6)
  Psyche (D:8)
  2 torpor snails
  3 gargoyles
  12 spiny frogs
  7 komodo dragons
  2 rime drakes
  4 kobold demonologists (D:14)
  An efreet (D:15)
  3 freezing wraiths (D:13)
  5 polar bears (Lair:6)
  4 yaktaurs
  7 hornets
  12 trolls
  A spectral dream sheep (Lair:5)
  5 slime creatures (D:15)
  22 blink frogs
  Sigmund (D:3)
  15 hippogriffs
  15 spriggans
  A shadow (D:14)
  4 wyverns
  A redback (Spider:1)
  3 wraiths
  2 basilisks
  39 yaks
  2 fire elementals (D:13)
  4 vampire mosquitoes (Lair:6)
  5 hungry ghosts
  A harpy simulacrum (D:14)
  A hell hound (Spider:1)
  2 wargs (Orc:2)
  3 insubstantial wisps (Lair:6)
  A soldier ant (D:12)
  An acid dragon (D:15)
  Duvessa (D:7)
  14 water moccasins
  2 ice beasts
  9 porcupines
  A hydra simulacrum (Lair:5)
  40 orc warriors
  3 sky beasts
  2 slaves (D:5)
  5 black bears
  An eye of draining (D:14)
  33 ogres
  4 boggarts (Lair:6)
  26 wolves
  A centaur (shapeshifter) (D:13)
  2 black mamba simulacra (Lair:5)
  17 crocodiles
  13 centaurs
  3 big kobolds
  16 bullfrogs
  A wyvern zombie (D:11)
  Dowan (D:7)
  2 wyvern skeletons
  5 scorpions
  9 wights
  5 crimson imps
  A lava snake (D:13)
  2 quasits
  4 centaur zombies
  12 hounds
  6 centaur skeletons
  30 orc wizards
  21 orc priests
  2 bullfrog skeletons
  5 jellies
  7 iguanas
  12 worker ants
  A hound zombie (D:8)
  A howler monkey zombie (D:8)
  A worker ant zombie (D:5)
  7 adders
  4 gnolls (D:6)
  3 shadow imps
  12 white imps (Lair:5)
  An ooze (D:2)
  An adder skeleton (D:4)
  2 worms (D:3)
  4 dart slugs
  8 leopard geckos
  111 orcs
  A bat zombie (D:4)
  A giant cockroach (D:2)
  7 goblins
  3 hobgoblins
  20 jackals
  5 quokkas
  2 ball pythons (D:1)
  14 bats
  6 frilled lizards
  A jackal skeleton (D:4)
  28 kobolds
  A quokka skeleton (D:8)
  A quokka zombie (D:6)
  11 rats
  A rat zombie (D:4)
  A bush (Lair:1)
  A fulminant prism (Orc:2)
  13 fungi
  16 plants
902 creatures vanquished.

Vanquished Creatures (others)
  A centaur zombie (D:5)
  339 fulminant prisms
  83 fungi
  45 plants
  12 toadstools (Lair:1)
480 creatures vanquished.

Grand Total: 1382 creatures vanquished

Notes
Turn   | Place    | Note
-------+----------+-------------------------------------------
     0 | D:1      | HiStorm4nn the Felid Conjurer began the quest for the Orb.
     0 | D:1      | Reached XP level 1. HP: 7/7 MP: 4/4
   377 | D:1      | Reached XP level 2. HP: 11/11 MP: 1/6
   400 | D:1      | Learned a level 2 spell: Searing Ray
  1099 | D:2      | Noticed an orc warrior
  1111 | D:2      | Reached XP level 3. HP: 11/14 MP: 2/7
  1114 | D:2      | Found a snail-covered altar of Cheibriados.
  2150 | D:2      | Noticed a fire elemental
  2152 | D:2      | Found a stormy altar of Qazlal.
  2153 | D:2      | Noticed a water elemental
  2153 | D:2      | Noticed an earth elemental
  2153 | D:2      | Noticed an air elemental
  2394 | D:2      | Killed an orc warrior
  2394 | D:2      | Reached skill level 5 in Conjurations
  2394 | D:2      | Reached XP level 4. HP: 4/18 MP: 1/9
  2394 | D:2      | Reached XP level 5. HP: 5/21 MP: 1/10
  2656 | D:2      | Learned a level 4 spell: Iskenderun's Mystic Blast
  3406 | D:3      | Noticed an ogre
  3413 | D:3      | Killed an ogre
  3413 | D:3      | Gained mutation: You are covered in thick fur. (AC +2)
                  | [Felid growth]
  3413 | D:3      | Reached XP level 6. HP: 24/24 MP: 5/12
  3473 | D:3      | Noticed Sigmund
  3480 | D:3      | Learned a level 4 spell: Fulminant Prism
  3493 | D:3      | Killed Sigmund
  3695 | D:3      | Found a bloodstained altar of Trog.
  4146 | D:4      | Reached XP level 7. HP: 27/27 MP: 2/14
  4258 | D:4      | Reached skill level 1 in Hexes
  4258 | D:4      | Reached skill level 1 in Translocations
  4833 | D:4      | Found an ancient bone altar of Kikubaaqudgha.
  4936 | D:5      | Entered Level 5 of the Dungeon
  5028 | D:5      | Found a basalt altar of Yredelemnul.
  5551 | D:5      | Noticed Pikel
  5570 | D:5      | Killed Pikel
  5570 | D:5      | Reached skill level 1 in Fighting
  5570 | D:5      | Reached skill level 1 in Evocations
  5570 | D:5      | Reached XP level 8. HP: 32/32 MP: 1/15
  5685 | D:5      | Shot with an arrow by a centaur
  5686 | D:5      | Reached XP level 7. HP: -4/30 MP: 10/14
  6503 | D:6      | Found a staircase to the Ecumenical Temple.
  6547 | Temple   | Entered the Ecumenical Temple
  6658 | Temple   | Became a worshipper of Vehumet
  6730 | D:6      | Noticed Maggie
  6778 | D:6      | Reached XP level 8. HP: 34/34 MP: 3/15
  7106 | D:6      | Found Umiunn's Weapon Shoppe.
  7556 | D:6      | Killed Maggie
  7556 | D:6      | Reached skill level 5 in Dodging
  7643 | D:6      | Reached * piety under Vehumet
  7643 | D:6      | Offered knowledge of Sandblast by Vehumet.
  7659 | D:6      | Learned a level 1 spell: Sandblast
  7720 | D:6      | Found a runed translucent gate.
  7721 | D:6      | Found a runed translucent gate.
  7721 | D:6      | Found a runed translucent gate.
  7722 | D:6      | Found a roughly hewn altar of Beogh.
  7722 | D:6      | Noticed atarun's ghost (novice MiBe)
  8627 | D:7      | Noticed a hippogriff
  8663 | D:7      | Reached skill level 1 in Earth Magic
  8870 | D:7      | Found a hazy altar of Hepliaklqana.
  8879 | D:7      | Noticed Dowan
  8880 | D:7      | Noticed Duvessa
  9039 | D:7      | Reached XP level 9. HP: 39/39 MP: 13/16
  9123 | D:7      | Killed Duvessa
  9238 | D:7      | Killed Dowan
  9817 | D:7      | Offered knowledge of Shock by Vehumet.
  9940 | D:7      | Reached ** piety under Vehumet
 10409 | D:8      | Reached skill level 5 in Evocations
 11147 | D:8      | Noticed Psyche
 11171 | D:8      | Killed Psyche
 11300 | D:8      | Found a sparkling altar of Nemelex Xobeh.
 11386 | D:8      | Reached XP level 10. HP: 42/42 MP: 13/17
 11537 | D:8      | Found a staircase to the Lair.
 11734 | D:9      | Found Zac Wegg's Magic Scroll Shoppe.
 11752 | D:9      | Noticed a two-headed ogre
 11753 | D:9      | Found Oladots's Weapon Shoppe.
 11995 | D:9      | Found a shattered altar of Ashenzari.
 12347 | D:9      | Killed a two-headed ogre
 12347 | D:9      | Reached skill level 10 in Conjurations
 12519 | D:9      | Offered knowledge of Ignite Poison by Vehumet.
 13164 | D:9      | Reached *** piety under Vehumet
 13529 | D:9      | Found a white marble altar of Elyvilon.
 13739 | D:10     | Entered Level 10 of the Dungeon
 14120 | D:10     | Offered knowledge of Olgreb's Toxic Radiance by Vehumet.
 14256 | D:10     | Noticed Harold
 14256 | D:10     | Noticed Erolcha
 14405 | D:10     | Killed Harold
 14819 | D:10     | Reached **** piety under Vehumet
 14943 | D:10     | Noticed Snorg
 15008 | D:10     | Killed Snorg
 15008 | D:10     | Reached skill level 5 in Spellcasting
 15008 | D:10     | Reached XP level 11. HP: 35/46 MP: 2/19
 15582 | D:10     | Killed Erolcha
 15840 | D:10     | Learned a level 1 spell: Apportation
 16091 | D:11     | Noticed a two-headed ogre
 16097 | D:11     | Killed a two-headed ogre
 16142 | D:11     | Noticed a five-headed hydra
 16399 | D:11     | Reached skill level 5 in Hexes
 16809 | D:11     | Offered knowledge of Hailstorm by Vehumet.
 16893 | D:11     | Noticed a skeletal warrior
 16893 | D:11     | Noticed a skeletal warrior
 16893 | D:11     | Noticed a skeletal warrior
 16894 | D:11     | Noticed a skeletal warrior
 17470 | D:10     | Killed a skeletal warrior
 17470 | D:10     | Reached skill level 5 in Fighting
 17669 | D:10     | Killed a skeletal warrior
 17912 | D:11     | Learned a level 4 spell: Hailstorm
 18052 | D:10     | Killed a skeletal warrior
 18153 | D:11     | Killed a five-headed hydra
 18324 | D:11     | Noticed Urug
 18390 | D:11     | Killed Urug
 18390 | D:11     | Reached skill level 1 in Ice Magic
 18406 | D:11     | Noticed a skeletal warrior
 19133 | D:11     | Killed a skeletal warrior
 19133 | D:11     | Gained mutation: Your thick and shaggy fur keeps you warm.
                  | (AC +3, rC+) [Felid growth]
 19133 | D:11     | Reached XP level 12. HP: 43/52 MP: 5/22
 19231 | D:11     | Learned a level 5 spell: Fireball
 20045 | D:6      | Killed atarun's ghost
 20342 | Lair:1   | Entered Level 1 of the Lair of Beasts
 21866 | Lair:1   | Reached skill level 5 in Ice Magic
 22172 | Lair:1   | Found a blossoming altar of Fedhas.
 22975 | Lair:1   | Reached skill level 1 in Fire Magic
 23164 | Lair:2   | Noticed a death yak
 23175 | Lair:2   | Noticed a death yak
 23179 | Lair:2   | HP: 1/54 [death yak[a torpor snail] (19)]
 23682 | Lair:2   | Killed a death yak
 23683 | Lair:2   | Killed a death yak
 24012 | Lair:2   | Found a bloodstained altar of Trog.
 25055 | Lair:3   | Found a staircase to the Swamp.
 25170 | Lair:3   | Reached ***** piety under Vehumet
 25259 | Lair:3   | Offered knowledge of Bolt of Magma by Vehumet.
 25261 | Lair:3   | Reached XP level 13. HP: 58/58 MP: 12/26
 25677 | Lair:3   | Learned a level 5 spell: Bolt of Magma
 26355 | Lair:3   | Reached skill level 5 in Fire Magic
 28318 | Lair:4   | Noticed a dire elephant
 29825 | Lair:4   | Found a hole to the Spider Nest.
 30120 | Lair:4   | Killed a dire elephant
 31638 | Lair:5   | Reached XP level 14. HP: 63/63 MP: 16/28
 31798 | Lair:5   | Found a runed translucent gate.
 31798 | Lair:5   | Found a runed translucent gate.
 31798 | Lair:5   | Found a runed translucent gate.
 31813 | Lair:5   | Noticed Ruewk's ghost (journeyman CeAM)
 31965 | Lair:5   | Found a viscous altar of Jiyva.
 31966 | Lair:5   | Found a staircase to the Slime Pits.
 32314 | Lair:5   | Offered knowledge of Lee's Rapid Deconstruction by Vehumet.
 32484 | Lair:5   | Killed Ruewk's ghost
 32758 | Lair:6   | Entered Level 6 of the Lair of Beasts
 32765 | Lair:6   | Learned a level 5 spell: Lee's Rapid Deconstruction
 33343 | Lair:6   | Paralysed by a hornet for 1 turns
 34111 | Lair:6   | Reached skill level 10 in Spellcasting
 34316 | Lair:6   | Reached skill level 5 in Earth Magic
 36051 | Lair:6   | Offered knowledge of Freezing Cloud by Vehumet.
 38169 | D:12     | Found a staircase to the Orcish Mines.
 38169 | D:12     | Found Gikkitah's Armour Boutique.
 39104 | D:12     | Noticed Frances
 39133 | D:12     | Slain by Frances
 39134 | D:12     | Reached XP level 13. HP: -5/58 MP: 2/28
 39195 | D:12     | Killed Frances
 39562 | Orc:1    | Entered Level 1 of the Orcish Mines
 39562 | Orc:1    | Noticed Jorgrun
 39576 | Orc:1    | Killed Jorgrun
 39576 | Orc:1    | Reached XP level 14. HP: 63/63 MP: 3/29
 40075 | Orc:1    | Noticed a stone giant
 40173 | Orc:1    | Killed a stone giant
 40173 | Orc:1    | Reached skill level 10 in Dodging
 40549 | Orc:1    | Noticed Rachuaq's ghost (adept GnSk)
 40576 | Orc:1    | Found a one-way gate to the infinite horrors of the Abyss.
 40735 | Orc:1    | Found a transporter.
 40735 | Orc:1    | Found a transporter.
 40923 | Orc:1    | Identified the +2 triple sword "Widowmaker" {distort, Str+3
                  | SInv}
 41163 | Orc:1    | Reached skill level 10 in Fire Magic
 41236 | Orc:1    | Found a roughly hewn altar of Beogh.
 41377 | Orc:2    | Entered Level 2 of the Orcish Mines
 41377 | Orc:2    | Found Idghaolo's Antique Armour Boutique.
 41508 | Orc:2    | Found Sahirpho's Gadget Shop.
 41508 | Orc:2    | Found Hiuqapn's Antique Weapon Shoppe.
 41518 | Orc:1    | Offered knowledge of Spellforged Servitor by Vehumet.
 41904 | Orc:2    | Found a staircase to the Elven Halls.
 44805 | Orc:2    | Found Cusche Hife's General Store.
 44872 | Orc:2    | Bought a wand of iceblast (6) for 140 gold pieces
 45304 | Orc:2    | Found Maygog's Book Shoppe.
 45307 | Orc:2    | Bought a book of Power for 630 gold pieces
 45531 | Orc:2    | Bought a phantom mirror for 480 gold pieces
 45531 | Orc:2    | Bought a wand of disintegration (19) for 368 gold pieces
 45591 | D:13     | Offered knowledge of Yara's Violent Unravelling by Vehumet.
 47335 | D:13     | Found a gate to the Vaults.
 48015 | D:14     | Found Peomn's General Store.
 48260 | D:14     | Reached XP level 15. HP: 67/67 MP: 8/31
 48643 | D:14     | Found a roughly hewn altar of Beogh.
 48938 | D:14     | Found Zesm's Distillery.
 48956 | D:14     | Found Qeomp's Book Shoppe.
 49311 | D:14     | Found a shadowy altar of Dithmenos.
 49368 | D:15     | Entered Level 15 of the Dungeon
 50373 | D:15     | Found a bloodstained altar of Trog.
 50374 | D:15     | Found a shimmering altar of Xom.
 50374 | D:15     | Found a shimmering altar of Xom.
 51136 | D:15     | Found a staircase to the Depths.
 51857 | D:15     | HP: 2/67 [yaktaur captain/bolt (37)]
 51870 | D:15     | Shot with a bolt by a yaktaur captain
 51871 | D:15     | Reached XP level 14. HP: -41/64 MP: 7/30
 52092 | D:15     | Noticed a sphinx
 52126 | D:15     | Noticed a quicksilver dragon
 52139 | D:15     | Noticed a stone giant
 52192 | D:15     | Noticed an acid blob
 52204 | D:15     | HP: 3/64 [acid (13)]
 52219 | D:15     | Killed from afar by an acid blob (shapeshifter)
 52220 | D:15     | Reached XP level 13. HP: -9/60 MP: 10/29
 52296 | D:15     | Noticed a fire giant
 52607 | Spider:1 | Entered Level 1 of the Spider Nest
 52614 | Spider:1 | Offered knowledge of Irradiate by Vehumet.
 52739 | Spider:1 | Slain by a wolf spider

Illustrated notes

Levels and vault maps discovered:
D:1:      roderic_dead_forest, layout_loops_ring
D:2:      layout_rooms, nicolae_qazlal_style_of_elements, first_ration,
          kennysheep_slug_shrine
D:3:      layout_loops_ring, overflow_temple_1_default, uniq_sigmund
D:4:      layout_basic, lemuel_zombie_altar_kikubaaqudgha
D:5:      layout_basic, yredelemnul_altar_generic, kennysheep_doodads,
          uniq_pikel
D:6:      layout_basic, minmay_temple_entry_grid, serial_shops, shop,
          biasface_ghost_orc_armoury, uniq_maggie
D:7:      wander_river, layout_loops_cross, kennysheep_mini_moat,
          minmay_misc_feat_doors, uniq_duvessa
D:8:      layout_loops_cross, nicolae_overflow_crystal_walls,
          grunt_lair_entry_orc_guard_hut, uniq_psyche
D:9:      minmay_razor_zed, layout_basic, cheibrodos_ashenzari_chains,
          old_standard_altar, serial_shops, shop, shop
D:10:     layout_stronghold, grunt_ogre_cave, uniq_snorg, uniq_erolcha,
          uniq_harold
D:11:     layout_long_grid, enter_bailey_8, uniq_urug
D:12:     layout_irregular_city, orc_david_3, uniq_frances
D:13:     layout_big_octagon, david_vaults_2, nrook_uturn, st_stairs_6,
          minmay_fountain_box, lightli_corner_chamber
D:14:     layout_roguey [special_room_orc], serial_shops, shop, shop,
          nicolae_shop_crystal, grunt_dithmenos_smoke
D:15:     hangedman_slaughterboxes
Temple:   jpeg_temple_clearing
Lair:1:   beast_lair_carwin_large_3, layout_long_grid, tgw_fedhas,
          lemuel_fruit_fields
Lair:2:   layout_loops_ring, minivault_23, minivault_19, lemuel_centaur_altar
Lair:3:   cheibrodos_lair_overgrown_chateau, layout_regular_city, swamp_mist
Lair:4:   mu_elephants_graveyard, layout_gridlike, dummy_spider_entry
Lair:5:   layout_layer_cave, dpeg_slime_entry_enclosed_altar,
          portal_ice_cave_entry_imps, gammafunk_ghost_necromancy,
          lemuel_fruit_fields
Lair:6:   minmay_lair_end_enchanted_forest, layout_regular_city,
          fungi_pond_lemuel, st_stairs_5, pond
Spider:1: layout_spider_delve, uniq_azrael
Orc:1:    layout_caves, gammafunk_ghost_abyssal_escape, bh_open_orc_temple,
          uniq_jorgrun
Orc:2:    st_orc_open, layout_caves, serial_shops, nicolae_shop_behind_doors,
          mines2_lemuel

Skill      XL: |  1  2  3  4  5  6  7  8  9 10 11 12 13 14 15 |
---------------+----------------------------------------------+-----
Conjurations   | 4 5 6 8 9 11 12 | 12.0
Spellcasting   | 3 4 5 6 8 9 11 | 11.5
Hexes          | 4 7 8 |  8.0
Translocations | 4 |  4.0
Fighting       | 3 4 5 7 8 9 |  9.3
Dodging        | 4 5 7 8 12 11 | 12.0
Stealth        | 4 |  4.0
Evocations     | 2 4 5 8 |  8.0
Earth Magic    | 2 4 8 |  8.0
Ice Magic      | 2 5 7 8 |  8.0
Fire Magic     | 4 8 11 | 11.9

Action                   |  1- 3 |  4- 6 |  7- 9 | 10-12 | 13-15 || total
-------------------------+-------+-------+-------+-------+-------++-------
Melee: Unarmed           |     4 |     1 |       |    36 |     7 ||    48
       Bite              |     1 |       |       |     6 |       ||     7
 Cast: Magic Dart        |    98 |    45 |   169 |   142 |   205 ||   659
       Searing Ray       |     7 |    13 |    80 |   150 |   338 ||   588
       Sandblast         |       |       |     5 |    14 |    12 ||    31
       Fulminant Prism   |       |       |     3 |   108 |   230 ||   341
       Iskenderun's Myst |       |       |       |    37 |   210 ||   247
       Apportation       |       |       |       |     5 |       ||     5
       Fireball          |       |       |       |       |   120 ||   120
       Hailstorm         |       |       |       |       |    19 ||    19
       Bolt of Magma     |       |       |       |       |    13 ||    13
       Lee's Rapid Decon |       |       |       |       |    38 ||    38
Evoke: Wand              |       |       |     1 |    20 |    39 ||    60
       Lightning rod     |       |       |       |     6 |    18 ||    24
  Use: Scroll            |     3 |    10 |     2 |    10 |     5 ||    30
       Potion            |       |       |     1 |     3 |     2 ||     6
  Eat: Chunk             |    11 |     4 |    25 |    44 |   111 ||   195
Armor: Skin              |       |       |     2 |     4 |    11 ||    17
Dodge: Dodged            |    26 |    11 |    68 |   168 |   506 ||   779
